 Dungeon Sprint DCSS version 0.17-a0-1748-g222fba8 (webtiles) character file.

1200000 ztt the Blinker (level 13, -12/122 HPs)
             Began as a Ghoul Warper on Sept 1, 2015.
             Was a Follower of Makhleb.
             Mangled by a meat berserker
             ... wielding a +9 battleaxe
              (74 damage)
             ... in the Dungeon (Sprint VIII: "Arena of Blood").
             The game lasted 00:00:18 (12 turns).

ztt the Blinker (Ghoul Warper)                        Turns: 12, Time: 00:00:18

Health: -12/122    AC:  3    Str: 16    XL:     13   Next: 24%
Magic:  2/28       EV: 17    Int:  8    God:    Makhleb [*.....]
Gold:   0          SH:  0    Dex: 12    Spells: 1 memorised, 35 levels left

rFire  . . .     SeeInvis .     k - +∞ Axe of Woe
rCold  + . .     Clarity  .     a - +0 leather armour
rNeg   + + +     SustAt   .     (no shield)
rPois  ∞         Gourm    .     (no helmet)
rElec  .         Spirit   .     (no cloak)
rCorr  .         Warding  .     (no gloves)
rMut   .         NoTele   +     (no boots)
MR     .....                    (no amulet)
Stlth  +.........               (no ring)
                                (no ring)

@: rotting, not resistant to hostile enchantments, very unstealthy
A: rotting body, claws 1, carnivore 3, cold resistance 1, negative energy
resistance 3, slow healing 1, torment resistance, unbreathing
a: Renounce Religion


You were in the Dungeon.
You worshipped Makhleb.
Makhleb was aware of your devotion.
You were not hungry.

You visited 1 branch

Inventory:

Hand weapons
 k - the +∞ Axe of Woe (weapon)
   (You found it in the Dungeon)
Missiles
 d - 5 tomahawks of dispersal (quivered)
Armour
 a - a +0 leather armour (worn)
Scrolls
 c - 2 scrolls of blinking
Potions
 f - a potion of curing
 g - a potion of heal wounds
 h - a potion of haste
 i - 2 potions of magic
 j - a potion of berserk rage
Books
 b - a book of Spatial Translocations

   Spells                             Type                      Level
   a - Apportation                    Translocation                1
   b - Blink                          Translocation                2
   c - Shroud of Golubria             Charms/Translocation         2
   d - Portal Projectile              Translocation                3
   e - Teleport Other                 Translocation                3
   f - Passage of Golubria            Translocation                4
Comestibles
 e - a meat ration


   Skills:
 + Level 13.4 Fighting
 + Level 2.1 Axes
 + Level 4.6 Throwing
 + Level 4.1 Armour
 + Level 11.0 Dodging
 + Level 12.6 Unarmed Combat
 + Level 12.0 Spellcasting
 + Level 20.0 Translocations


You had 35 spell levels left.
You knew the following spells:

 Your Spells              Type           Power        Failure   Level  Hunger
a - Apportation           Tloc           #####.....   0%          1    None


Dungeon Overview and Level Annotations

Branches:
Dungeon (1/1)

Altars:
Makhleb


Innate Abilities, Weirdness & Mutations

Your body is rotting away.
You thrive on raw meat.
You are immune to poison.
You have sharp fingernails.
You are carnivorous and can eat meat at any time.
Your flesh is cold resistant.
You are immune to negative energy.
You heal slowly when monsters are visible.
You are immune to unholy pain and torment.
You can survive without breathing.


Message History

You slash the bag of meat!
You pulverise the bag of meat into a thin bloody mist.
You kill the bag of meat!
Makhleb accepts your kill.
You can now gain health from killing.
You feel better.
Your Fighting skill gained 2 levels and is now at level 13!
Your Axes skill gained 2 levels and is now at level 2!
Your Armour skill increases to level 4!
Your Dodging skill gained 2 levels and is now at level 11!
Your Unarmed Combat skill increases to level 12!
Your Spellcasting skill gained 2 levels and is now at level 12!
Your Translocations skill gained 3 levels and is now at level 20!
You have reached level 13!
The meat berserker moves out of view.
You hear a shout! x6
The meat berserker hits you with a +9 battleaxe!
You hear a shout! x3
The meat berserker hits you with a +9 battleaxe!!!!
Ouch! That really hurt!
You die...

........###......
#........_.......
..... #.....# ...
......#_.<._#....
......#.....#....
#........_.......
......o.###......
...###...O...###.
#.)@O...#
#..)o...#
....o.o.o......
...o.....o......
......o........#
............o##.
...#...o....#..
............#oo


You could see 2 meat berserkers and 12 bags of meat.

Vanquished Creatures
  2 orcs (D)
2 creatures vanquished.

Notes
Turn   | Place    | Note
--------------------------------------------------------------
     0 | D        | ztt the Ghoul Warper began the quest for the Orb.
     0 | D        | Reached XP level 1. HP: 17/17 MP: 2/2
     4 | D        | Noticed a bag of meat
     4 | D        | Became a worshipper of Makhleb the Destroyer
     8 | D        | Noticed a bag of meat
     8 | D        | Noticed a bag of meat
     8 | D        | Noticed a bag of meat
     8 | D        | Noticed a bag of meat
     9 | D        | Noticed a bag of meat
     9 | D        | Noticed a bag of meat
     9 | D        | Noticed a bag of meat
     9 | D        | Noticed a meat berserker
     9 | D        | Noticed a bag of meat
    10 | D        | Noticed a bag of meat
    10 | D        | Killed a bag of meat
    10 | D        | Reached skill level 11 in Fighting
    10 | D        | Reached skill level 10 in Spellcasting
    10 | D        | Reached skill level 17 in Translocations
    10 | D        | Reached XP level 2. HP: 10/40 MP: 2/12
    10 | D        | Reached XP level 3. HP: 11/47 MP: 2/14
    10 | D        | Reached XP level 4. HP: 12/55 MP: 2/15
    10 | D        | Reached XP level 5. HP: 13/61 MP: 2/17
    10 | D        | Reached XP level 6. HP: 14/68 MP: 2/18
    10 | D        | Reached XP level 7. HP: 15/74 MP: 2/20
    10 | D        | Reached XP level 8. HP: 16/82 MP: 2/21
    10 | D        | Reached XP level 9. HP: 17/89 MP: 2/22
    10 | D        | Reached XP level 10. HP: 18/96 MP: 2/23
    10 | D        | Reached XP level 11. HP: 19/103 MP: 2/24
    10 | D        | Reached XP level 12. HP: 20/110 MP: 2/25
    11 | D        | Noticed a meat berserker
    11 | D        | Noticed a bag of meat
    11 | D        | Noticed a bag of meat
    12 | D        | Noticed a meat berserker
    12 | D        | Noticed a bag of meat
    12 | D        | Killed a bag of meat
    12 | D        | Acquired Makhleb's first power
    12 | D        | Reached skill level 20 in Translocations
    12 | D        | Reached XP level 13. HP: 76/122 MP: 2/28
    12 | D        | Mangled by a meat berserker

Vault maps used:
D:        meatsprint

Action                   |  1- 3 |  4- 6 |  7- 9 | 10-12 | 13-15 || total
-------------------------+-------+-------+-------+-------+-------++-------
Melee: Executioner's axe |     1 |       |       |     1 |       ||     2
